[Event "Titled Tuesday Blitz June 21 Early 2022"]
[White "Sadhwani, Raunak"]
[Black "Dhanush, Bharadwaj"]
[WhiteFideId "35093487"]
[BlackFideId "25058746"]
[WhiteElo "2616"]
[BlackElo "2291"]
[Result "1-0"]
[Round "01"]
[TimeControl "180+1"]
[Date "2022.06.21"]
[WhiteClock "0:00:09"]
[BlackClock "0:00:03"]

1. e4 c6 2. Nf3 d5 3. d3 dxe4 4. dxe4 Qxd1+ 5. Kxd1 Nf6 6. Nbd2 g6 7. Bc4 Bg7 8. Ne5 e6 9. Nd3 Nbd7 10. f3 b5 11. Bb3 Bb7 12. a4 a6 13. c3 O-O 14. Kc2 Rfd8 15. Rd1 Bf8 16. Nf1 Be7 17. Be3 c5 18. c4 bxc4 19. Bxc4 Nb6 20. Nd2 Rac8 21. a5 Nxc4 22. Nxc4 Nd7 23. b3 Bc6 24. Rd2 Bb5 25. Rad1 Bxc4 26. bxc4 Nb8 27. Kc3 Nc6 28. e5 Nd4 29. Rb1 Nc6 30. f4 Nb4 31. Rdd1 Na2+ 32. Kb3 Nb4 33. Nxb4 cxb4 34. Bb6 Rxd1 35. Rxd1 g5 36. g3 gxf4 37. gxf4 f6 38. exf6 Bxf6 39. Kxb4 e5 40. fxe5 Bxe5 41. h3 Kf7 42. c5 Ke6 43. Kc4 Rg8 44. c6 Rg3 45. Rc1 Rxh3 46. c7 Bxc7 47. Bxc7 Kd7 48. Bb6 Kc6 49. Kb4+ Kd5 50. Rc5+ Kd6 51. Rc8 h5 52. Ra8 h4 53. Rxa6 Kd5 54. Ra8 Rh1 55. Rh8 h3 56. Kb3 Kc6 57. Kb2 Kb5 58. Rh5+ Ka6 59. Bd4 Kb7 60. Bc3 Ka6 61. Kb3 Kb7 62. Kc4 Ka6 63. Rh7 h2 64. Rh6+ Kb7 65. Rh8 Ka7 66. Rh5 Kb7 67. Rh3 Ka7 68. Rh6 Kb7 69. a6+ Ka7 70. Bd4+ Kb8 71. a7+ Kb7 72. Rh7+ Ka8 73. Rh8+ 1-0


[Site "https://www.chess.com"]

[Event "Titled Tuesday Blitz June 21 Early 2022"]
[White "Samadov, Read"]
[Black "Kretchetov, Alexandre"]
[WhiteFideId "13417444"]
[BlackFideId "4124588"]
[WhiteElo "2084"]
[BlackElo "2504"]
[Result "1-0"]
[Round "01"]
[TimeControl "180+1"]
[Date "2022.06.21"]
[WhiteClock "0:00:12"]
[BlackClock "0:00:30"]

1. d4 Nf6 2. c4 g6 3. g3 Bg7 4. Bg2 O-O 5. Nc3 d6 6. Nf3 c6 7. O-O Bg4 8. h3 Bxf3 9. Bxf3 Nbd7 10. Bg2 e6 11. e4 a6 12. a4 c5 13. Be3 Qc7 14. Rc1 Rad8 15. b3 Nb8 16. d5 e5 17. Qd2 Qe7 18. Kh2 Nbd7 19. a5 Rb8 20. Ra1 Ne8 21. Rfe1 Nc7 22. Ne2 f5 23. exf5 gxf5 24. Bg5 Qf7 25. Bh6 b5 26. axb6 Rxb6 27. Bxg7 Qxg7 28. Ra3 Rfb8 29. Qe3 Nf6 30. Nc1 h5 31. Kh1 Kh7 32. Qd3 Qg6 33. Ne2 Rg8 34. Rb1 Rb4 35. Re1 Rg7 36. Ra4 Rb8 37. Ra5 Rbg8 38. Ra2 h4 39. Rg1 Nh5 40. g4 fxg4 41. Be4 Nf6 42. Bxg6+ Rxg6 43. hxg4 Kh6 44. f3 Nce8 45. Nc3 Ng7 46. Ne4 Nxe4 47. Qxe4 Ne8 48. Rxa6 Nf6 49. g5+ Rxg5 50. Qxh4+ Nh5 51. Rxg5 Rxg5 52. Rxd6+ 1-0


[Site "https://www.chess.com"]

[Event "Titled Tuesday Blitz June 21 Early 2022"]
[White "Sanchez, Robert"]
[Black "Gracia Alvarez, Gerardo Antonio"]
[WhiteFideId "2034360"]
[BlackFideId "5109124"]
[WhiteElo "2014"]
[BlackElo "2139"]
[Result "0-1"]
[Round "01"]
[TimeControl "180+1"]
[Date "2022.06.22"]
[WhiteClock "0:01:29"]
[BlackClock "0:00:59"]

1. e4 c5 2. Nf3 Nc6 3. d4 cxd4 4. Nxd4 Nf6 5. Nc3 e5 6. Ndb5 h6 7. a4 a6 8. Nd6+ Bxd6 9. Qxd6 Qe7 10. Qd1 O-O 11. Be2 d6 12. O-O Be6 13. Be3 Rfd8 14. Bf3 Qc7 15. Nd5 Bxd5 16. exd5 Ne7 17. a5 Rdc8 18. c3 e4 19. Be2 Nfxd5 20. Bd4 Nf4 21. Bg4 Re8 22. g3 Nfg6 23. h4 Nc6 24. h5 Nge5 25. Be2 Nxd4 26. cxd4 Nc6 27. Qd2 Qe7 28. Qe3 Qf6 29. Rfd1 Rac8 30. b4 Nxb4 31. Rab1 Nd5 32. Qa3 Nc3 33. Rxb7 Nxe2+ 34. Kf1 0-1


[Site "https://www.chess.com"]

[Event "Titled Tuesday Blitz June 21 Early 2022"]
[White "Sankalan Shah"]
[Black "McCoy, Owen"]
[WhiteFideId "25600362"]
[BlackFideId "30924502"]
[WhiteElo "1648"]
[BlackElo "2577"]
[Result "1-0"]
[Round "01"]
[TimeControl "180+1"]
[Date "2022.06.22"]
[WhiteClock "0:00:10"]
[BlackClock "0:00:08"]

1. d4 Nf6 2. c4 g6 3. Nc3 Bg7 4. e4 d6 5. Be2 O-O 6. Be3 e5 7. d5 a5 8. g4 Na6 9. h4 Nc5 10. f3 h5 11. g5 Nh7 12. Qd2 f6 13. Nh3 Bxh3 14. Rxh3 fxg5 15. hxg5 Qd7 16. Rg3 Rf7 17. O-O-O Raf8 18. Rdg1 Ra8 19. Bd1 Bf8 20. Kb1 Be7 21. f4 exf4 22. Bxf4 Bf8 23. Bxh5 gxh5 24. g6 Re8 25. gxf7+ Kxf7 26. Qf2 Nf6 27. Bg5 Bg7 28. Rf3 Qe7 29. Rf1 Nd7 30. Qh4 Rf8 31. Qxh5+ Kg8 32. Qg6 Qe8 33. Qxe8 Nxe8 34. Rxf8+ Nxf8 35. Kc2 Nd7 36. Be3 Ne5 37. b3 Ng4 38. Bd2 Nef6 39. Kd3 Ne5+ 40. Kc2 Nfd7 41. a3 Nc5 42. b4 axb4 43. axb4 Ncd7 44. Kb3 Nd3 45. Rf3 N3e5 46. Rh3 Kf7 47. Bf4 Ng6 48. Be3 Ke8 49. Nb5 Kd8 50. Rh7 Bf6 51. Rh6 Ndf8 52. Rh2 Be5 53. Rf2 Kd7 54. c5 c6 55. dxc6+ bxc6 56. Nc3 Ne6 57. cxd6 Kxd6 58. Na4 Ne7 59. Nc5 Nd4+ 60. Bxd4 Bxd4 61. Rd2 Ke5 62. Kc4 Be3 63. Rd7 Ng6 64. Rc7 Nf4 65. Rxc6 Bf2 66. Rh6 Ne2 67. Rh2 Bxc5 68. Rxe2 Bd6 69. b5 Be7 70. Rd2 Ke6 71. Rd5 Bf6 72. b6 Bh4 73. Kb5 Bg3 74. b7 Ke7 75. Kb6 Bb8 76. Rc5 Kd7 77. Rc8 Bd6 78. b8=Q Bc5+ 79. Kxc5 Ke6 80. Qd6+ Kf7 81. Rf8+ Kg7 82. Qf6+ Kh7 83. Rh8# 1-0


[Site "https://www.chess.com"]

[Event "Titled Tuesday Blitz June 21 Early 2022"]
[White "Sarkar, Justin"]
[Black "Barp, Alberto"]
[WhiteFideId "2010011"]
[BlackFideId "872555"]
[WhiteElo "2020"]
[BlackElo "2229"]
[Result "0-1"]
[Round "01"]
[TimeControl "180+1"]
[Date "2022.06.22"]
[WhiteClock "0:00:01"]
[BlackClock "0:01:22"]

1. d4 Nf6 2. c4 e6 3. Nf3 Bb4+ 4. Bd2 Bxd2+ 5. Nbxd2 d5 6. e3 O-O 7. Bd3 Nbd7 8. O-O c5 9. cxd5 exd5 10. dxc5 Nxc5 11. Be2 Qb6 12. Nb3 Na4 13. Rb1 Bf5 14. Bd3 Bg4 15. Be2 Bf5 16. Bd3 Be4 17. Nfd4 Rac8 18. f3 Bg6 19. Bxg6 hxg6 20. Qd2 Rfe8 21. Rbc1 Rc4 22. Na5 Rb4 23. Nab3 Qd6 24. Rc2 Nb6 25. Qf2 Nc4 26. Rc3 Qe5 27. a3 Rb6 28. Rfc1 a6 29. Nd2 Nxb2 0-1


[Site "https://www.chess.com"]

[Event "Titled Tuesday Blitz June 21 Early 2022"]
[White "Schmakel, Sam"]
[Black "Ljukin, Sergei"]
[WhiteFideId "2039311"]
[BlackFideId "14102200"]
[WhiteElo "2356"]
[BlackElo "2312"]
[Result "0-1"]
[Round "01"]
[TimeControl "180+1"]
[Date "2022.06.22"]
[WhiteClock "0:00:22"]
[BlackClock "0:01:14"]

1. Nf3 d5 2. g3 Nc6 3. d4 Bg4 4. Bg2 Qd7 5. c4 dxc4 6. d5 O-O-O 7. Nc3 Nb4 8. Ne5 Qf5 9. Nxg4 Qxg4 10. Qa4 e6 11. O-O a6 12. dxe6 fxe6 13. a3 Nd5 14. Bd2 Ngf6 15. e4 Nb6 16. Qc2 Bc5 17. Rad1 e5 18. Na4 Nxa4 19. Qxa4 Nxe4 20. Qxc4 Bxf2+ 21. Rxf2 Qxd1+ 22. Rf1 Qxd2 23. Qxe4 Qd4+ 24. Qxd4 exd4 0-1


[Site "https://www.chess.com"]

[Event "Titled Tuesday Blitz June 21 Early 2022"]
[White "Shuvalova, Polina"]
[Black "Lorne, Ras Malaku"]
[WhiteFideId "24171760"]
[BlackFideId "7400330"]
[WhiteElo "2330"]
[BlackElo "2199"]
[Result "1-0"]
[Round "01"]
[TimeControl "180+1"]
[Date "2022.06.22"]
[WhiteClock "0:02:33"]
[BlackClock "0:01:33"]

1. d4 Nf6 2. Nc3 d5 3. Bg5 Bf5 4. Bxf6 exf6 5. e3 c6 6. Bd3 Qd7 7. Nf3 Bd6 8. O-O O-O 9. e4 dxe4 10. Nxe4 Bxe4 11. Bxe4 Na6 12. c3 Rfe8 13. Re1 Rad8 14. Qc2 g6 15. Rad1 Nc7 16. g3 Bf8 17. Kg2 Bg7 18. a4 Nd5 19. Qb3 b6 20. Bxd5 cxd5 21. Qb5 Qxb5 22. axb5 Kf8 23. Ra1 Rxe1 24. Nxe1 Rd7 25. Nd3 f5 26. Nb4 Ke7 27. Nc6+ Kd6 28. Nxa7 g5 29. Ra6 Rb7 30. Nc8+ Kc7 31. Ne7 1-0


[Site "https://www.chess.com"]

[Event "Titled Tuesday Blitz June 21 Early 2022"]
[White "Silvestre, Christian"]
[Black "Bachmann, Axel"]
[WhiteFideId "30956269"]
[BlackFideId "3700488"]
[WhiteElo "2455"]
[BlackElo "2587"]
[Result "0-1"]
[Round "01"]
[TimeControl "180+1"]
[Date "2022.06.22"]
[WhiteClock "0:00:07"]
[BlackClock "0:00:06"]

1. d4 Nf6 2. Nf3 e6 3. Bf4 c5 4. c3 Nc6 5. e3 b6 6. Nbd2 Bb7 7. Bd3 Be7 8. h3 O-O 9. a4 a6 10. Qe2 d5 11. Bh2 Bd6 12. Ne5 Qc7 13. f4 b5 14. O-O b4 15. Rfc1 c4 16. Bc2 Rab8 17. Ndf3 Na5 18. Ng5 h6 19. Ngf3 bxc3 20. bxc3 Nb3 21. Bxb3 cxb3 22. c4 dxc4 23. Nxc4 Rfc8 24. Qe1 Be4 25. Nb2 Qe7 26. Nd2 Bc2 27. Bg3 Ba3 28. Ndc4 Rxc4 29. Nxc4 Bxc1 30. Qxc1 Qb4 31. Nb2 Ne4 32. Be1 Qe7 33. a5 Qc7 34. Nd1 Qc6 35. Nb2 Nc3 36. Qd2 Ne4 37. Qc1 Rc8 38. Bd2 Nc3 39. Be1 Ne2+ 40. Kf2 Nxc1 41. Rxc1 Qe4 42. Bd2 Qg6 43. Nd1 Kh7 44. Nb2 Be4 45. g3 Rxc1 46. Bxc1 Bc6 47. Bd2 Qc2 48. g4 Qxb2 49. Kg3 Qxd2 50. Kh4 Qf2+ 51. Kh5 g6# 0-1


[Site "https://www.chess.com"]

[Event "Titled Tuesday Blitz June 21 Early 2022"]
[White "Skliarov, Viktor"]
[Black "Prieto Aranguren, Alain"]
[WhiteFideId "14106736"]
[BlackFideId "2268906"]
[WhiteElo "2229"]
[BlackElo "2224"]
[Result "1-0"]
[Round "01"]
[TimeControl "180+1"]
[Date "2022.06.22"]
[WhiteClock "0:01:38"]
[BlackClock "0:00:11"]

1. e4 c6 2. d4 d5 3. e5 c5 4. dxc5 e6 5. a3 Bxc5 6. b4 Bb6 7. Bb2 Ne7 8. Nf3 O-O 9. Bd3 Ng6 10. O-O Nc6 11. Nbd2 Bd7 12. c4 dxc4 13. Nxc4 Bc7 14. g3 Rc8 15. Qe2 Qe7 16. h4 Rfd8 17. Rfd1 Be8 18. Qe4 Nf8 19. Rac1 Nb8 20. Ng5 Bc6 21. Qg4 h6 22. Ne4 Kh8 23. Ncd6 Bxd6 24. exd6 f5 25. dxe7 1-0


[Site "https://www.chess.com"]

[Event "Titled Tuesday Blitz June 21 Early 2022"]
[White "Slugin, Sergey"]
[Black "Hoffmann, Asa"]
[WhiteFideId "4122569"]
[BlackFideId "2001470"]
[WhiteElo "2358"]
[BlackElo "2117"]
[Result "1-0"]
[Round "01"]
[TimeControl "180+1"]
[Date "2022.06.22"]
[WhiteClock "0:01:21"]
[BlackClock "0:01:21"]

1. c4 Nf6 2. Nc3 d6 3. d4 Bf5 4. Nf3 Nbd7 5. g3 h6 6. Bg2 c6 7. O-O e5 8. Re1 e4 9. Nd2 d5 10. Qb3 Nb6 11. c5 Nbd7 12. Qxb7 Be7 13. Qxc6 Rc8 14. Qa4 O-O 15. Nf1 a5 16. Nb5 Rb8 17. Bf4 Rb7 18. c6 Rxb5 19. Qxb5 Nb6 20. c7 Qd7 21. Qxb6 Bh3 22. Rac1 Rc8 23. Ne3 Nh5 24. Be5 f6 25. Bxh3 Qxh3 26. Bd6 Qe6 27. Bc5 Qd7 28. Bxe7 Qxe7 29. Nxd5 1-0


[Site "https://www.chess.com"]

[Event "Titled Tuesday Blitz June 21 Early 2022"]
[White "Sovetbekova, Nurai"]
[Black "Al-Tarboush, Ward"]
[WhiteFideId "13801910"]
[BlackFideId "7601450"]
[WhiteElo "1646"]
[BlackElo "2249"]
[Result "0-1"]
[Round "01"]
[TimeControl "180+1"]
[Date "2022.06.22"]
[WhiteClock "0:00:03"]
[BlackClock "0:00:03"]

1. d4 b6 2. c4 Bb7 3. Nf3 Nf6 4. g3 e6 5. Bg2 Be7 6. O-O O-O 7. Nc3 Ne4 8. Qd3 Nxc3 9. Qxc3 c5 10. Rd1 Bf6 11. Be3 Nc6 12. Qd2 cxd4 13. Nxd4 Qe7 14. Nb5 Rad8 15. Nd6 Ba8 16. Rac1 Be5 17. Bf4 Qf6 18. Bg5 Qg6 19. Bxd8 Rxd8 20. Qd3 f5 21. Qc2 Nd4 22. Qd3 Bxg2 23. Kxg2 Qh5 24. e4 fxe4 25. Nxe4 Rf8 26. f4 Bxf4 27. gxf4 Ne2 28. Rf1 Rxf4 29. Ng3 Rg4 30. Qf3 h6 31. Qf8+ Kh7 32. Qf3 Kg8 33. Rf2 Nf4+ 34. Kh1 Qh4 35. Qxf4 Rxf4 36. Rxf4 Qxf4 37. Rf1 Qe3 38. Kg2 Qd3 39. Re1 Qxc4 0-1


[Site "https://www.chess.com"]

[Event "Titled Tuesday Blitz June 21 Early 2022"]
[White "Starozhilov, Leonid"]
[Black "Petrova, Irina"]
[WhiteFideId "14106752"]
[BlackFideId "14124122"]
[WhiteElo "2414"]
[BlackElo "1993"]
[Result "1-0"]
[Round "01"]
[TimeControl "180+1"]
[Date "2022.06.22"]
[WhiteClock "0:00:27"]
[BlackClock "0:00:24"]

1. e4 d6 2. d4 Nf6 3. Nc3 e5 4. Nge2 exd4 5. Nxd4 Be7 6. g3 O-O 7. Bg2 Re8 8. O-O Bf8 9. Re1 Na6 10. Nb3 c6 11. h3 Bd7 12. Bf4 Qc7 13. Qd2 Rad8 14. Rad1 Bc8 15. g4 Qe7 16. Bg3 Be6 17. Nd4 Bc8 18. f4 Nc5 19. b4 Na6 20. a3 c5 21. Nf5 Bxf5 22. exf5 Qc7 23. b5 Nb8 24. Bh4 Nbd7 25. g5 Nh5 26. Nd5 Qc8 27. Bf3 g6 28. Bxh5 gxh5 29. g6 fxg6 30. Bxd8 Qxd8 31. Qg2 Rxe1+ 32. Rxe1 Kf7 33. fxg6+ hxg6 34. f5 g5 35. Qf3 g4 36. hxg4 Qg5 37. Nf4 hxg4 38. Qd5+ Kg7 39. Ne6+ 1-0


[Site "https://www.chess.com"]

[Event "Titled Tuesday Blitz June 21 Early 2022"]
[White "Steinberg, Nitzan"]
[Black "Sadykov, Ramil"]
[WhiteFideId "2801795"]
[BlackFideId "24113590"]
[WhiteElo "2471"]
[BlackElo "2226"]
[Result "1-0"]
[Round "01"]
[TimeControl "180+1"]
[Date "2022.06.22"]
[WhiteClock "0:01:30"]
[BlackClock "0:00:25"]

1. d4 Nf6 2. Nf3 g6 3. Nbd2 d5 4. c4 Bg7 5. cxd5 Nxd5 6. e4 Nb6 7. Nb3 O-O 8. h3 Nc6 9. Be3 a5 10. Rc1 a4 11. Nc5 a3 12. b3 Nd7 13. Bb5 Nxc5 14. Rxc5 Nb4 15. Qd2 b6 16. Rc1 c5 17. O-O Ba6 18. Bxa6 Nxa6 19. Rfd1 cxd4 20. Nxd4 Qd6 21. Qe2 Qe5 22. f3 Nb4 23. Rc4 Na6 24. Nc6 Qe6 25. Bxb6 Rfc8 26. Qc2 Kh8 27. Bd4 Bxd4+ 28. Rdxd4 Rxc6 29. Rxc6 Nb4 30. Rxb4 1-0


[Site "https://www.chess.com"]

[Event "Titled Tuesday Blitz June 21 Early 2022"]
[White "Stribuk, Artiom"]
[Black "Devaev, Alexander"]
[WhiteFideId "13515659"]
[BlackFideId "4169395"]
[WhiteElo "2259"]
[BlackElo "2185"]
[Result "1-0"]
[Round "01"]
[TimeControl "180+1"]
[Date "2022.06.22"]
[WhiteClock "0:00:15"]
[BlackClock "0:00:07"]

1. d4 Nf6 2. c4 e6 3. Nc3 Bb4 4. Qc2 d5 5. a3 Bxc3+ 6. Qxc3 O-O 7. Bg5 Nbd7 8. e3 h6 9. Bh4 c5 10. dxc5 g5 11. Bg3 Ne4 12. Qc2 Ndxc5 13. Nf3 b6 14. b4 Nd7 15. Bd3 Nxg3 16. hxg3 Kg7 17. cxd5 exd5 18. Nd4 Nf6 19. Rd1 Be6 20. Bf5 Qe7 21. Qb2 Rac8 22. f3 Rc4 23. Bd3 Rc7 24. Kf2 Rfc8 25. Rc1 Qd7 26. Bb5 Qd6 27. Ba6 Rxc1 28. Rxc1 Rxc1 29. Qxc1 Nd7 30. Qc3 f6 31. Bc8 Kf7 32. g4 Nf8 33. Ba6 Qe5 34. Qc2 Bd7 35. Bd3 Kg7 36. Bf5 Be8 37. Qc8 Bf7 38. Qb7 Kg8 39. Qxa7 h5 40. gxh5 Bxh5 41. Qxb6 g4 42. Be6+ Kh8 43. Qd8 Kg7 44. Qe7+ Kg6 45. Qxf8 gxf3 46. Qg8+ Kh6 47. Nf5+ 1-0


[Site "https://www.chess.com"]

[Event "Titled Tuesday Blitz June 21 Early 2022"]
[White "Suder, Jakub"]
[Black "Dwilewicz, Katarzyna"]
[WhiteFideId "1195310"]
[BlackFideId "1148486"]
[WhiteElo "2058"]
[BlackElo "1907"]
[Result "1-0"]
[Round "01"]
[TimeControl "180+1"]
[Date "2022.06.22"]
[WhiteClock "0:00:54"]
[BlackClock "0:00:04"]

1. d4 d5 2. c4 dxc4 3. e4 e5 4. Nf3 exd4 5. Bxc4 Nf6 6. Ng5 Bb4+ 7. Bd2 Bxd2+ 8. Nxd2 O-O 9. e5 Qe7 10. f4 Bg4 11. Qb3 Nc6 12. O-O Nd7 13. Qxb7 Na5 14. Qe4 g6 15. Bxf7+ Kg7 16. Bd5 c6 17. Bb3 Nc5 18. Qxd4 Naxb3 19. Nxb3 Ne6 20. Nxe6+ Bxe6 21. Qc3 Bd5 22. Nd4 Rac8 23. Rad1 Kg8 24. Nc2 Qe6 25. b3 Qg4 26. Ne3 Qe2 27. Rd2 Qh5 28. Nxd5 cxd5 29. Qd4 Rcd8 30. Qxa7 Qg4 31. Qd4 Rf7 32. a4 g5 33. h3 Qg3 34. f5 Re8 35. e6 Rc7 36. Qf2 Qe5 37. Re2 Qc3 38. f6 Rxe6 39. f7+ Kf8 40. Rxe6 1-0


[Site "https://www.chess.com"]

[Event "Titled Tuesday Blitz June 21 Early 2022"]
[White "Sukandar, Irine Kharisma"]
[Black "Fier, Alexandr"]
[WhiteFideId "7101937"]
[BlackFideId "2107139"]
[WhiteElo "2293"]
[BlackElo "2571"]
[Result "0-1"]
[Round "01"]
[TimeControl "180+1"]
[Date "2022.06.22"]
[WhiteClock "0:00:03"]
[BlackClock "0:01:09"]

1. d4 Nf6 2. Nc3 c5 3. d5 d6 4. e4 g6 5. h3 Bg7 6. Nf3 O-O 7. Nd2 e6 8. Nc4 exd5 9. exd5 Re8+ 10. Be2 b6 11. O-O Ba6 12. a4 Ne4 13. Nb5 Bxb5 14. axb5 Nd7 15. Bd3 Qc7 16. Bf4 Bf8 17. Qf3 Nef6 18. Bg5 Bg7 19. Rfe1 Rxe1+ 20. Rxe1 Re8 21. Rxe8+ Nxe8 22. h4 Ne5 23. Qe2 Qd7 24. h5 Nxc4 25. Bxc4 Bxb2 26. h6 Bf6 27. Bf4 Kf8 28. Bd3 Qe7 29. Qg4 Be5 30. Bg5 f6 31. Be3 f5 32. Qa4 Qf7 33. Bg5 Bf6 34. Be3 Bd8 35. Qa1 Qf6 36. Qa4 Qf7 37. Qa1 Bf6 38. Qa6 Kg8 39. Qc8 Qe7 40. Bf4 Kf7 41. Be3 Be5 42. Bd2 Kf6 43. Be3 f4 44. Bd2 Kf7 45. Qg4 Nf6 46. Qc8 Ng8 47. Be4 Nxh6 48. Bf3 Nf5 49. Bg4 Ng7 50. Qh8 h5 51. Bh3 Bd4 52. Qc8 Qe2 53. Qd7+ Kg8 54. Be6+ Kh7 55. Qd8 Qxf2+ 56. Kh2 Qg1+ 57. Kh3 Qh1# 0-1


[Site "https://www.chess.com"]

[Event "Titled Tuesday Blitz June 21 Early 2022"]
[White "Tan, Zhongyi"]
[Black "Wachinger, Guenther"]
[WhiteFideId "8603642"]
[BlackFideId "4604261"]
[WhiteElo "2510"]
[BlackElo "2212"]
[Result "1-0"]
[Round "01"]
[TimeControl "180+1"]
[Date "2022.06.22"]
[WhiteClock "0:00:07"]
[BlackClock "0:00:09"]

1. e4 c5 2. Nf3 d6 3. d4 cxd4 4. Nxd4 Nf6 5. Nc3 g6 6. f3 Bg7 7. Be3 O-O 8. Qd2 Nc6 9. O-O-O d5 10. exd5 Nxd5 11. Nxc6 bxc6 12. Bd4 Bxd4 13. Qxd4 Qb6 14. Na4 Qa5 15. b3 Be6 16. Bc4 Rfd8 17. Qc5 Qc7 18. h4 Rab8 19. h5 Qe5 20. hxg6 Qa1+ 21. Kd2 Nc3+ 22. Bd3 Nxd1 23. gxh7+ Kh8 24. Rxd1 Qf6 25. Qxa7 Qg5+ 26. Qe3 Qxg2+ 27. Kc1 Qg7 28. Kb1 Ra8 29. Rg1 Qf6 30. Nc5 Bd5 31. f4 Ra5 32. a4 Rxc5 33. Qxc5 Bxb3 34. Rg8+ Rxg8 35. hxg8=Q+ Kxg8 36. cxb3 Qxf4 37. Qc4 Qd2 38. a5 Qxa5 39. Qxc6 Qd2 40. Qc2 Qb4 41. Qg2+ Kf8 42. Bc4 e6 43. Qe2 Ke7 44. Qe4 Qb6 45. Kc2 f5 46. Qe5 Qf2+ 47. Kc3 Qf3+ 48. Kb4 Qb7+ 49. Ka5 Qa7+ 50. Kb4 Qb7+ 51. Qb5 Qxb5+ 52. Kxb5 e5 53. Kc6 e4 54. b4 Kf6 55. b5 f4 56. b6 f3 57. Bd5 e3 58. Bxf3 Ke5 59. Be2 Kd4 60. b7 Kc3 61. b8=Q Kd2 62. Qh2 1-0


[Site "https://www.chess.com"]

[Event "Titled Tuesday Blitz June 21 Early 2022"]
[White "Tarasova, Viktoriya"]
[Black "Kucuksari, Kaan"]
[WhiteFideId "4175840"]
[BlackFideId "6380166"]
[WhiteElo "2182"]
[BlackElo "2305"]
[Result "0-1"]
[Round "01"]
[TimeControl "180+1"]
[Date "2022.06.22"]
[WhiteClock "0:00:02"]
[BlackClock "0:00:14"]

1. d4 d5 2. c3 Nf6 3. Nf3 c5 4. Bf4 Nc6 5. e3 e6 6. Nbd2 Bd6 7. Bg3 O-O 8. Ne5 Qc7 9. f4 Ne7 10. Bd3 Nf5 11. Bf2 h5 12. h3 h4 13. Bxf5 exf5 14. Bxh4 Ne4 15. Nxe4 fxe4 16. O-O Be6 17. f5 Bc8 18. Ng4 f6 19. dxc5 Qxc5 20. Qd2 b6 21. Rad1 Ba6 22. Rfe1 Bb7 23. Qf2 Rf7 24. Bg3 Bf8 25. h4 Bc8 26. h5 Bd7 27. Qf4 Re8 28. h6 gxh6 29. Nxh6+ Bxh6 30. Qxh6 Rg7 31. Qf4 Re5 32. Rf1 Rxf5 33. Qb8+ Kf7 34. Rxf5 Bxf5 35. Qxa7+ Kg6 36. Qb8 Qxe3+ 37. Bf2 Qg5 38. Rxd5 Kh7 39. Qh2+ Kg6 40. Rd1 e3 41. Bh4 e2 42. Re1 Qe3+ 43. Bf2 Qg5 44. Qd6 Rh7 45. Rxe2 Qh5 46. Be3 Qxe2 47. Qg3+ Kf7 48. Qc7+ Kg6 49. Qg3+ Qg4 50. Qxg4+ Bxg4 51. Kf2 Kf5 52. Kg3 Ke4 53. Bxb6 f5 54. Bd4 Rb7 55. b3 Bd1 56. Kf2 f4 57. g3 f3 58. g4 Rh7 59. g5 Rh2+ 60. Kg3 Rg2+ 61. Kh4 f2 62. Bxf2 Rxf2 63. g6 Rg2 0-1


[Site "https://www.chess.com"]

[Event "Titled Tuesday Blitz June 21 Early 2022"]
[White "Tari, Aryan"]
[Black "Ronka, Erik"]
[WhiteFideId "1510045"]
[BlackFideId "505080"]
[WhiteElo "2567"]
[BlackElo "2264"]
[Result "1-0"]
[Round "01"]
[TimeControl "180+1"]
[Date "2022.06.21"]
[WhiteClock "0:00:17"]
[BlackClock "0:00:15"]

1. Nc3 d5 2. Nf3 Nf6 3. g3 Bg4 4. Bg2 Nbd7 5. d4 e6 6. Bf4 Bb4 7. O-O O-O 8. Nb5 c6 9. c3 Be7 10. Na3 c5 11. h3 Bxf3 12. Bxf3 cxd4 13. cxd4 Bxa3 14. bxa3 Nb6 15. Qb3 Qd7 16. Rab1 Rfc8 17. a4 Qxa4 18. Qxa4 Nxa4 19. Rxb7 h6 20. Rfb1 Nb6 21. Rc1 Rxc1+ 22. Bxc1 Ne8 23. Ba3 Nc4 24. Bc5 a5 25. a4 Ned6 26. Rd7 Nf5 27. e4 dxe4 28. Bxe4 Rc8 29. Bb7 Rb8 30. Ba7 Re8 31. Ba6 Nb2 32. Bb5 Rc8 33. Bb6 Rc1+ 34. Kg2 Ra1 35. Ra7 Nxa4 36. Rxa5 Rb1 37. Bc5 Nc3 38. Bd3 Rc1 39. g4 Nh4+ 40. Kg3 Ng6 41. h4 Nd5 42. h5 Rc3 43. Ra8+ Kh7 44. hxg6+ fxg6 45. Ra3 1-0


[Site "https://www.chess.com"]

[Event "Titled Tuesday Blitz June 21 Early 2022"]
[White "Tasev, Dejan"]
[Black "Svane, Frederik"]
[WhiteFideId "936618"]
[BlackFideId "12923044"]
[WhiteElo "2253"]
[BlackElo "2459"]
[Result "0-1"]
[Round "01"]
[TimeControl "180+1"]
[Date "2022.06.21"]
[WhiteClock "0:00:14"]
[BlackClock "0:00:12"]

1. e4 c5 2. Nf3 e6 3. b3 d6 4. Bb2 Nc6 5. d3 Nf6 6. Nbd2 Be7 7. g3 b5 8. Bg2 Bb7 9. O-O Qc7 10. a4 a6 11. axb5 axb5 12. Rxa8+ Bxa8 13. Qa1 O-O 14. e5 Nxe5 15. Nxe5 Bxg2 16. Kxg2 dxe5 17. Bxe5 Qc6+ 18. f3 Nd5 19. Re1 Ra8 20. Qb2 f6 21. Bf4 e5 22. Be3 Bf8 23. Bf2 Qa6 24. Ne4 c4 25. bxc4 bxc4 26. dxc4 Qxc4 27. Qb3 Qxb3 28. cxb3 Kf7 29. Rc1 Rb8 30. Rb1 h6 31. g4 g6 32. h3 f5 33. Ng3 Ke6 34. Ne2 Rc8 35. Rc1 Rb8 36. Rb1 Ra8 37. Rb2 Bb4 38. Rc2 Ra6 39. h4 h5 40. g5 Kd7 41. Nc1 Rc6 42. Rxc6 Nf4+ 43. Kf1 Kxc6 44. Be3 Nd5 45. Bf2 e4 46. fxe4 fxe4 47. Ke2 Bd6 48. Na2 Be5 49. Nc1 Bf4 50. Na2 Kb5 51. Be1 Be5 52. Bf2 Kc6 53. Be1 Kd6 54. Bf2 Ke6 55. Nc1 Nf4+ 56. Kf1 Kd5 57. Be1 Bb2 58. Na2 Ne6 59. Ke2 Nd4+ 60. Kd1 e3 61. Nb4+ Ke4 62. Bg3 Bc3 63. Na2 e2+ 64. Kc1 e1=Q+ 65. Bxe1 Bxe1 66. Kd1 Bxh4 67. b4 Bxg5 68. Nc3+ Kd3 69. Nd5 h4 70. Ke1 Be3 71. Kf1 Ke4 72. Nc3+ Kf3 73. Nd5 g5 0-1


[Site "https://www.chess.com"]

[Event "Titled Tuesday Blitz June 21 Early 2022"]
[White "Thiel, Thomas"]
[Black "Papp, Levente"]
[WhiteFideId "4615964"]
[BlackFideId "751243"]
[WhiteElo "2216"]
[BlackElo "2308"]
[Result "0-1"]
[Round "01"]
[TimeControl "180+1"]
[Date "2022.06.22"]
[WhiteClock "0:00:07"]
[BlackClock "0:00:09"]

1. e4 e6 2. d4 d5 3. Nc3 Bb4 4. e5 Ne7 5. a3 Bxc3+ 6. bxc3 b6 7. h4 Ba6 8. h5 Bxf1 9. Kxf1 h6 10. a4 c5 11. Ba3 Qc8 12. Nf3 Qa6+ 13. Kg1 Qc4 14. Qd3 Qxa4 15. dxc5 bxc5 16. Rh4 c4 17. Qd2 Nbc6 18. Nd4 Nxd4 19. cxd4 Nf5 20. Rf4 Qd7 21. g4 Ne7 22. Bc5 O-O 23. g5 hxg5 24. Rg4 f6 25. h6 gxh6 26. Qe2 f5 27. Rg3 Kg7 28. Qh5 Qe8 29. Rxg5+ hxg5 30. Qxg5+ Qg6 31. Bxe7 Rfb8 32. Ra6 Qxg5+ 33. Bxg5 Rb6 34. Ra5 a6 35. Be7 Rb5 36. Ra4 Kf7 37. Bd6 a5 38. Kg2 Rb2 39. c3 Rb3 40. Bb4 Kg6 41. Rxa5 Rxa5 42. Bxa5 f4 43. f3 Rb2+ 44. Kh3 Kf5 45. Bd8 Rf2 0-1


[Site "https://www.chess.com"]

[Event "Titled Tuesday Blitz June 21 Early 2022"]
[White "Tinmaz, Kerem"]
[Black "Pinheiro, Iung Alicio de O."]
[WhiteFideId "44559151"]
[BlackFideId "2104350"]
[WhiteElo "1443"]
[BlackElo "2283"]
[Result "0-1"]
[Round "01"]
[TimeControl "180+1"]
[Date "2022.06.22"]
[WhiteClock "0:00:01"]
[BlackClock "0:00:28"]

1. e4 c5 2. Nc3 a6 3. g3 b5 4. a3 Bb7 5. Bg2 e6 6. d3 d5 7. f4 Nf6 8. Qe2 Nc6 9. exd5 Nd4 10. Qd1 Nxd5 11. Nxd5 Bxd5 12. Nf3 Be7 13. O-O Rc8 14. Be3 O-O 15. Qd2 Bf6 16. Ne5 Nf5 17. Rae1 b4 18. c3 Bxg2 19. Kxg2 bxa3 20. bxa3 Bxe5 21. fxe5 Qd5+ 22. Kg1 Qxe5 23. Bf4 Qd5 24. Re5 Qd7 25. g4 Ne7 26. Rfe1 Rfd8 27. R1e3 Ng6 28. R5e4 f5 29. gxf5 exf5 30. Rc4 Qd5 31. Qe2 h6 32. Rg3 Kh7 33. Qg2 Qxg2+ 34. Kxg2 Nh4+ 35. Kh3 g5 36. Bd2 Ng6 37. Rf3 g4+ 0-1


[Site "https://www.chess.com"]